 Dungeon Crawl Stone Soup version 0.29.1-15-g9cfb28693d (webtiles) character file.

Game seed: 8036203107105659960

1123 croobank the Covert (level 8, -3/55 HPs)
             Began as an Octopode Delver on Mar 10, 2023.
             Shot with an arrow by a centaur (13 damage)
             ... on level 6 of the Dungeon.
             The game lasted 00:18:58 (6963 turns).

croobank the Covert (Octopode Delver)               Turns: 6963, Time: 00:18:59

Health: -3/55      AC:  1    Str: 11    XL:     8   Next: 35%
Magic:  12/12      EV: 15    Int: 15    God:
Gold:   359        SH:  0    Dex: 19    Spells: 13/13 levels left

rFire   . . .      SeeInvis .   t - +2 short sword (speed)
rCold   + . .      Faith    .   (no shield)
rNeg    . . .      Spirit   .   (helmet restricted)
rPois   .          Reflect  .   v - amulet of regeneration
rElec   .          Harm     .   q - +6 ring of dexterity
rCorr   .          Rampage  .   F - ring of protection from cold
Will    .....                   (no ring)
Stlth   +++.......              (no ring)
HPRegen 0.98/turn               (no ring)
MPRegen 0.13/turn               (no ring)
                                (no ring)
                                (no ring)

@: confused, ambrosia-drunk, marked, studying Conjurations, invisible
A: almost no armour, amphibious, 8 rings, camouflage 1, gelatinous body 1,
(nimble swimmer 1), tentacles
a: no special abilities


You were on level 6 of the Dungeon.
You visited 1 branch of the dungeon, and saw 6 of its levels.
You also visited: Sewer.

You collected 359 gold pieces.

Inventory:

Hand Weapons
 a - a +0 hand axe
 c - a +0 vorpal spear
 g - a +0 falchion
 j - a +0 dagger
 s - a +0 whip of pain
 t - a +2 short sword of speed (weapon)
 u - a +2 rapier of venom
Missiles
 e - 6 curare-tipped darts
 E - 3 throwing nets (quivered)
Armour
 h - a +4 kite shield
Jewellery
 q - a +6 ring of dexterity (left tentacle)
 v - an amulet of regeneration (around mantle)
 F - a ring of protection from cold (right tentacle)
Wands
 f - a wand of digging (3)
 y - a wand of roots (16)
Scrolls
 b - 2 scrolls of identify
 i - a scroll of teleportation
 m - a scroll of blinking {unknown}
 n - a scroll of fog
 w - a scroll of noise {unknown}
 C - a scroll of silence {unknown}
 D - a scroll of vulnerability {unknown}
Potions
 d - a potion of might
 l - 7 potions of lignification
 o - 2 potions of curing
 p - 3 potions of magic
 x - a potion of invisibility
 z - a potion of ambrosia
 A - 2 potions of heal wounds {unknown}
 B - a potion of attraction {unknown}


   Skills:
 * Level 5.0 Fighting
 + Level 1.0 Short Blades
 - Level 4.0 Axes
 * Level 4.6 Dodging
 * Level 8.8 Stealth
 * Level 3.1 Spellcasting
 + Level 1.7 Conjurations
 * Level 2.7 Summonings


You had 13 spell levels left.
You didn't know any spells.
Your spell library contained the following spells:

 Spells                   Type           Power      Damage    Failure   Level
 Blink                    Tloc           4%         N/A       30%         2
 Mephitic Cloud           Conj/Pois/Air  4%         N/A       43%         3
 Ignite Poison            Fire/Tmut/Pois 2%         N/A       52%         3
 Tukima's Dance           Hex            2%         N/A       52%         3
 Cause Fear               Hex            1%         N/A       89%         4
 Passage of Golubria      Tloc           2%         N/A       89%         4
 Summon Forest            Summ/Tloc      3%         N/A       97%         5
 Summon Mana Viper        Hex/Summ       6%         N/A       97%         5
 Freezing Cloud           Conj/Ice/Air   2%         6-21      99%         5
 Manifold Assault         Tloc           2%         N/A       99%         5
 Yara's Violent Unravell  Hex/Tmut       1%         3d3       99%         5
 Summon Cactus Giant      Summ           5%         N/A       100%        6
 Dragon Form              Tmut           1%         N/A       100%        7
 Storm Form               Tmut/Air       1%         N/A       100%        7
 Dragon's Call            Summ           5%         N/A       100%        9


Dungeon Overview and Level Annotations

Branches:
Dungeon (6/15)             Temple (0/1) D:6           Sewer (visited)

Altars:
Vehumet

Shops:
D:6 [

Annotations:
D:4 1 runed translucent door, AverageBear's ghost, novice DsFi


Innate Abilities, Weirdness & Mutations

You cannot wear most types of armour.
You are amphibious.
You can wear up to eight rings at the same time.
Your skin changes colour to match your surroundings (Stealth+).
Your rubbery body absorbs attacks. (AC +1, EV +1)
((You are camouflaged when in or above water. (Stealth+)))
You have tentacles for arms and can constrict up to eight enemies at once.


Message History

You kill the howler monkey!
A steam dragon comes into view.
You see here a howler monkey corpse.
Found a scale mail.
The iguana barely misses you. The steam dragon breathes steam at you.
The ball of steam hits you!
You hit the iguana. You grab the iguana.
The iguana is lightly wounded.
You are engulfed in a cloud of scalding steam.
You constrict the iguana. You hit the iguana.
The iguana is moderately wounded.
You are engulfed in a cloud of scalding steam.
You constrict the iguana. The iguana bites you!
A centaur comes into view.
You are too injured to fight recklessly!
You release your grip on the iguana.
The iguana attacks as you move away! The iguana bites you.
* * * LOW HITPOINT WARNING * * *
The centaur wields a +0 shortbow.
The centaur shoots an arrow.
The arrow barely misses you.
Okay, then.
You fade into invisibility!
The iguana misses you.
The centaur shoots an arrow.
The arrow closely misses you.
The centaur shoots an arrow.
The arrow hits you!
* * * LOW HITPOINT WARNING * * *
Okay, then.
It was a potion of ambrosia.
You are confused.
You feel invigorated.
The centaur shoots an arrow.
The arrow misses you. The iguana barely misses you.
The centaur shoots an arrow.
The arrow completely misses you. The iguana closely misses you.
The centaur shoots an arrow.
The arrow barely misses you. The steam dragon bites you!
* * * LOW HITPOINT WARNING * * *
The steam dragon misses you.
A phantom comes into view.
The centaur shoots an arrow.
The arrow hits you!
You die...

#..........#.......
#..........+.......
#..........#.......
#####..........#.......
.......................
##.....................
....#...W.########.#.###
....#...#.# #.#.###
.......@..# #......
.!..c#Dl5.# ####..###
##......†.# #.......[
#c#._.#..# #.###.##.
.........# ...# #.##.
....#....# ###.# #.##.
........... ..# #.##.
......./..## ### #..#.
.........# .#.#.


You could see a steam dragon (unable to see you), a phantom (unable to see you),
a centaur (unable to see you), an iguana (unable to see you) and an ufetubus
(unable to see you).

Vanquished Creatures
  A sky beast (D:5)
  A black bear (D:6)
  An ogre (D:5)
  2 phantoms
  A necrophage (D:6)
  A howler monkey (D:6)
  2 orc priests
  A hound (D:5)
  2 gnoll boudas (D:6)
  2 iguanas (D:4)
  3 orc wizards (D:4)
  14 gnolls
  10 adders
  A river rat (D:3)
  3 white imps
  An ufetubus (D:5)
  4 dart slugs
  6 orcs
  7 ball pythons
  3 bats
  9 endoplasms
  4 giant cockroaches
  5 goblins
  5 hobgoblins
  2 jackals (D:1)
  3 quokkas
  3 frilled lizards
  11 kobolds
  6 rats
114 creatures vanquished.

Vanquished Creatures (others)
  A fungus (D:2)
  A plant (D:2)
2 creatures vanquished.

Grand Total: 116 creatures vanquished

Notes
Turn   | Place    | Note
-------+----------+-------------------------------------------
     0 | D:5      | croobank the Octopode Delver began the quest for the Orb.
     0 | D:5      | Reached XP level 1. HP: 16/16 MP: 1/1
    18 | D:6      | Found Seary's Antique Armour Shoppe.
    98 | D:6      | Noticed a howler monkey
   154 | D:5      | Noticed a phantom
   301 | D:3      | Reached XP level 2. HP: 13/21 MP: 2/2
   423 | D:3      | Reached XP level 3. HP: 25/26 MP: 3/3
   424 | D:3      | Found a glowing drain.
   431 | D:3      | Reached skill level 7 in Stealth
   676 | Sewer    | Entered a sewer
   921 | Sewer    | Noticed Pargi
  2010 | D:1      | Reached XP level 4. HP: 29/31 MP: 4/4
  3126 | D:2      | Found a faded altar of an unknown god.
  3489 | D:3      | Reached XP level 5. HP: 37/37 MP: 6/6
  3532 | D:3      | Reached skill level 1 in Spellcasting
  4022 | D:4      | Noticed a phantom
  4039 | D:4      | Killed a phantom
  4040 | D:4      | Reached XP level 6. HP: 31/43 MP: 6/8
  4310 | D:4      | Reached skill level 1 in Summonings
  4659 | D:4      | Found a runed translucent door.
  4661 | D:4      | Noticed AverageBear's ghost (novice DsFi)
  5115 | D:5      | Reached skill level 8 in Stealth
  5139 | D:5      | Reached XP level 7. HP: 30/49 MP: 8/10
  5894 | D:5      | Identified 2 scrolls of acquirement
  5894 | D:5      | Acquired a manual of Conjurations
  6542 | D:6      | Reached skill level 1 in Conjurations
  6542 | D:6      | Reached XP level 8. HP: 47/54 MP: 10/12
  6550 | D:6      | Acquired an Inescapable Atlas
  6676 | D:6      | Found a staircase to the Ecumenical Temple.
  6825 | D:5      | Reached skill level 5 in Fighting
  6941 | D:6      | Found a radiant altar of Vehumet.
  6944 | D:6      | Reached skill level 1 in Short Blades
  6963 | D:6      | Shot with an arrow by a centaur

Illustrated notes

Levels and vault maps discovered:
D:1:      shiori_arrival_maze, layout_loops_ring
D:2:      layout_loops_ring, shapermc_ecumenical_altar_acropolis,
          minmay_octomino_c4
D:3:      layout_basic, gup_sewer_entry_bubbles
D:4:      layout_loops_ring, ebering_ghost_reflecting_pool
D:5:      layout_loops_ring
D:6:      layout_basic, vehumet_altar_wand_db, temple_green, serial_shops, shop,
          nicolae_diamond_shop, nicolae_take_the_stairs, shop_coins

Skill      XL: |  1  2  3  4  5  6  7  8 |
---------------+-------------------------+-----
Stealth        | 7 8 |  8.8
Dodging        | 3 4 |  4.6
Axes           | 3 4 |  4.0
Spellcasting   | 1 2 3 |  3.1
Fighting       | 4 5 |  5.0
Summonings     | 1 2 |  2.7
Conjurations   | 1 |  1.7
Short Blades   | 1 |  1.0

Action                   |  1- 3 |  4- 6 |  7- 9 || total
-------------------------+-------+-------+-------++-------
Melee: Hand axe          |    47 |    25 |       ||    72
       Tentacles         |    15 |    21 |    34 ||    70
       Constrict         |    10 |    19 |    27 ||    56
       Short sword       |       |   101 |   127 ||   228
       Punch             |       |     1 |     5 ||     6
  Use: Scroll            |     3 |       |    11 ||    14
       Potion            |     1 |       |     3 ||     4
 Stab: Sleeping          |    12 |    21 |     2 ||    35
       Distracted        |       |     1 |       ||     1
Armor: Skin              |     1 |     2 |     1 ||     4
Dodge: Dodged            |    32 |    46 |    88 ||   166
